 Dungeon Crawl Stone Soup version 0.30.0-29-ga12c61a403 (webtiles) character file.

Game seed: 18260750146075346977

44 AIAndy the Chucker (level 3, -10/26 HPs)
             Began as a Demonspawn Wanderer on June 18, 2023.
             Mangled by an ogre
             ... wielding a +0 giant club
              (18 damage)
             ... on level 2 of the Dungeon.
             The game lasted 00:06:48 (1268 turns).

AIAndy the Chucker (Demonspawn Wanderer)            Turns: 1268, Time: 00:06:49

Health: -10/26     AC:  7    Str: 12    XL:     3   Next: 39%
Magic:  4/6        EV: 12    Int: 14    God:
Gold:   77         SH:  3    Dex: 13    Spells: 5/6 levels left

rFire   . . .        a - +2 dagger
rCold   . . .        l - +0 buckler
rNeg    . . .        e - +0 robe
rPois   .            n - +1 helmet
rElec   .            c - +0 cloak
rCorr   .            (no gloves)
SInv    .            (no boots)
Will    .....        (no amulet)
Stlth   +            (no ring)
HPRegen 0.24/turn    (no ring)
MPRegen 0.10/turn

%: no passive effects
@: very slightly contaminated
A: thin metallic scales 1
a: no special abilities


You were on level 2 of the Dungeon.
You visited 1 branch of the dungeon, and saw 2 of its levels.

You collected 77 gold pieces.

Inventory:

Hand Weapons
 a - a +2 dagger (weapon)
Missiles
 b - 4 curare-tipped darts
Armour
 c - a +0 cloak (worn)
 e - a +0 robe (worn)
 l - a +0 buckler (worn)
 n - a +1 helmet (worn)
Scrolls
 d - 2 scrolls of teleportation
 i - 2 scrolls of noise {unknown}
 k - a scroll of enchant weapon {unknown}
 m - a scroll of torment {unknown}
Potions
 f - a potion of mutation {unknown}
 g - 2 potions of brilliance {unknown}
 h - 2 potions of cancellation {unknown}
 j - a potion of magic {unknown}
 o - a potion of attraction {unknown}


   Skills:
 - Level 1.0 Fighting
 - Level 3.6 Throwing
 - Level 2.6 Dodging
 * Level 2.0 Spellcasting
 * Level 1.2 Transmutations
 * Level 2.1 Poison Magic


You had 5 spell levels left.
You knew the following spells:

 Your Spells              Type           Power      Damage    Failure   Level
a - Sting                 Tmut/Pois      24%        1d4       17%         1

Your spell library contained the following spells:

 Spells                   Type           Power      Damage    Failure   Level
 Static Discharge         Conj/Air       2%         2-3/arc   45%         2
 Mephitic Cloud           Conj/Pois/Air  3%         N/A       61%         3
 Summon Guardian Golem    Hex/Summ       1%         N/A       71%         3
 Volatile Blastmotes      Fire/Tloc      2%         2d10      71%         3
 Iskenderun's Battlesphe  Conj           1%         2d6       100%        5
 Starburst                Conj/Fire      0%         6d3       100%        6
 Orb of Destruction       Conj           0%         9d5       100%        7
 Spellforged Servitor     Conj/Summ      0%         N/A       100%        7


Dungeon Overview and Level Annotations

Branches:
Dungeon (2/15)

Altars:


Innate Abilities, Weirdness & Mutations

You are partially covered in thin metallic scales. (AC +2)


Message History

The hobgoblin hits you but does no damage.
You completely miss the hobgoblin. The hobgoblin barely misses you.
You closely miss the hobgoblin. The hobgoblin hits you.
You hit the hobgoblin.
The hobgoblin is heavily wounded.
You block the hobgoblin's attack.
You hit the hobgoblin.
The hobgoblin is severely wounded.
The hobgoblin hits you.
You barely miss the hobgoblin.
The hobgoblin is severely wounded.
The hobgoblin hits you.
You hit the hobgoblin.
You kill the hobgoblin!
No target in view!
Found a hand axe.
An ogre comes into view. It is wielding a +0 giant club.
You see here 7 gold pieces.
Unknown command.
Aiming: Sting (safe; 17% risk of failure)
Press: ? - help, Q - select action, (/) - cycle Shift-Dir - straight line, f - you
Okay, then.
The ogre shouts!
Aiming: Sting (safe; 17% risk of failure)
Press: ? - help, Q - select action, (/) - cycle Shift-Dir - straight line, f - ogre
Aim: an ogre, wielding a +0 giant club (85% to hit)
You miscast Sting.
You are very lightly contaminated with residual magic.
Nothing appears to happen.
Aiming: Sting (safe; 17% risk of failure)
Press: ? - help, Q - select action, (/) - cycle Shift-Dir - straight line, f/p - ogre
Aim: an ogre, wielding a +0 giant club (85% to hit)
The sting hits the ogre.
The ogre is poisoned.
The ogre is lightly wounded.
The ogre hits you with a +0 giant club!!
Ouch! That really hurt!
The ogre attacks as you move away!
The ogre hits you with a +0 giant club!!
Ouch! That really hurt!
You die...

#####.####.#
...###... #...
..#. ...# ##..
......... #.# ##.
.......#.. ##
#.###.####. #.
.....).
....#.####
......O#.####
#..@..#.##
#........#### ##
#####$....#.##
##. #........##
##..
#.........###...
#..........#....
#.........###...
#..........#####
...........).....


You could see an ogre (poisoned).

Vanquished Creatures
  A worm (D:2)
  2 dart slugs (D:2)
  2 endoplasms (D:1)
  3 giant cockroaches
  3 goblins (D:1)
  3 hobgoblins
  4 jackals (D:1)
  A kobold (D:2)
  A quokka (D:2)
  5 ball pythons (D:1)
  2 bats
  3 frilled lizards (D:1)
  5 rats
35 creatures vanquished.

Notes
Turn   | Place    | Note
-------+----------+-------------------------------------------
     0 | D:1      | AIAndy the Demonspawn Wanderer began the quest for the Orb.
     0 | D:1      | AIAndy set off with the following items: a +2 dagger, 4
                  | curare-tipped darts, a +0 cloak, a scroll of teleportation,
                  | a +0 robe; and the following spell memorised: Sting; and
                  | the following spells available to memorise: Mephitic Cloud.
     0 | D:1      | Reached XP level 1. HP: 15/15 MP: 2/2
   312 | D:1      | Gained mutation: You are partially covered in thin metallic
                  | scales. (AC +2) [demonic ancestry]
   312 | D:1      | Reached XP level 2. HP: 21/21 MP: 2/4
   433 | D:1      | Reached skill level 1 in Transmutations
  1020 | D:2      | Reached XP level 3. HP: 26/26 MP: 1/5
  1139 | D:2      | Got the Anthology of Red Blasts
  1263 | D:2      | Noticed an ogre
  1268 | D:2      | Mangled by an ogre

Illustrated notes

Levels and vault maps discovered:
D:1:      dpeg_arrival_rooms_c, layout_basic
D:2:      layout_basic, nicolae_figureground_pulse

Skill      XL: |  1  2  3 |
---------------+----------+-----
Transmutations | 1 |  1.2
Spellcasting   | 2 |  2.0
Poison Magic   | 2 |  2.1
Fighting       | |  1.0
Throwing       | |  3.6
Dodging        | |  2.6

Action                     || total
---------------------------++-------
  Melee: Dagger            ||   105
         Punch             ||     1
   Cast: Sting             ||    25
   Stab: Sleeping          ||     1
 Armour: Robe              ||    27
  Dodge: Dodged            ||    61
  Block: Buckler           ||     4
